MLB
WASHINGTON NATIONALS @ MIAMI MARLINS
04/20/2019
 
TOP OF THE 1ST
Washington Nationals batting - Pitching for Miami Marlins : LHP Sean Newcomb
Pitching: LHP Sean Newcomb
Batting: LHB Andrew Benintendi 0-0: Ball
1-0: Ground out 4-3 (Groundball, 4, EV 106.9 MPH)
Batting: RHB Daniel Robertson 0-0: Swinging Strike
0-1: Swinging Strike
0-2: Ball
1-2: Foul Ball, location: 2F
1-2: Ball
2-2: Foul Ball, location: 2F
2-2: Ball
3-2: Fly out, F4 (Popup, 4, EV 70.6 MPH)
Batting: SHB Aaron Hicks 0-0: Foul Ball, location: 2F
0-1: Ground out 1-3 (Groundball, 25, EV 85.6 MPH)
Top of the 1st over - 0 runs, 0 hits, 0 errors, 0 left on base; Washington 0 - Miami 0
BOTTOM OF THE 1ST
Miami Marlins batting - Pitching for Washington Nationals : RHP Alex Reyes
Pitching: RHP Alex Reyes
Batting: LHB David Dahl 0-0: Ball
1-0: Called Strike
1-1: Foul Ball, location: 2F
1-2: Ball
2-2: Strikes out looking
Batting: LHB Max Kepler 0-0: Called Strike
0-1: Ball
1-1: Ground out U3 (Groundball, 34, EV 88.1 MPH)
Batting: SHB Francisco Lindor 0-0: Ball
1-0: SINGLE (Line Drive, 56D, EV 106.3 MPH)
Batting: RHB Javier Baez 0-0: Fly out, F7 (Flyball, 7LM, EV 83.8 MPH)
Bottom of the 1st over - 0 runs, 1 hit, 0 errors, 1 left on base; Washington 0 - Miami 0
TOP OF THE 2ND
Washington Nationals batting - Pitching for Miami Marlins : LHP Sean Newcomb
Batting: RHB Chris Taylor 0-0: Called Strike
0-1: Called Strike
0-2: Ball
1-2: Ball
2-2: Ball
3-2: Foul Ball, location: 2F
3-2: Base on Balls
Batting: RHB Yulieski Gurriel 0-0: Ball
1-0: Ball
Wild Pitch!
Chris Taylor to second
2-0: Foul Ball, location: 2F
2-1: Called Strike
2-2: SINGLE (Line Drive, 9S, EV 95.6 MPH)
Chris Taylor to third
Batting: LHB Yonder Alonso 0-0: Called Strike
0-1: Called Strike
0-2: Fielders Choice at 2nd, 4-6 (Groundball, 34D, EV 98.1 MPH)
Chris Taylor scores
Batting: RHB Austin Barnes 0-0: Ball
1-0: Called Strike
1-1: Foul Ball, location: 2F
1-2: Foul Ball, location: 2F
1-2: Foul Ball, location: 2F
1-2: Fly out, F7 (Line Drive, 7, EV 105.6 MPH)
Batting: RHB Jose Pirela 0-0: Called Strike
0-1: Fielders Choice at 2nd, 6-4 (Groundball, 6, EV 108.8 MPH)
Top of the 2nd over - 1 run, 1 hit, 0 errors, 1 left on base; Washington 1 - Miami 0
BOTTOM OF THE 2ND
Miami Marlins batting - Pitching for Washington Nationals : RHP Alex Reyes
Batting: RHB Miguel Andujar 0-0: Ball
1-0: Ball
2-0: Fly out, F8 (Flyball, 8RM, EV 91.9 MPH)
Batting: RHB C.J. Cron 0-0: Ball
1-0: Ball
2-0: Called Strike
2-1: SINGLE (Line Drive, 56D, EV 98.1 MPH)
Batting: LHB Christin Stewart 0-0: Called Strike
0-1: Swinging Strike
0-2: Foul Ball, location: 2F
0-2: Ball
1-2: Fly out, F9 (Flyball, 89S, EV 85.0 MPH)
Batting: LHB Chance Sisco 0-0: Ball
1-0: Called Strike
1-1: Foul Ball, location: 2F
1-2: Strikes out swinging
Bottom of the 2nd over - 0 runs, 1 hit, 0 errors, 1 left on base; Washington 1 - Miami 0
TOP OF THE 3RD
Washington Nationals batting - Pitching for Miami Marlins : LHP Sean Newcomb
Batting: RHB Alex Reyes 0-0: Called Strike
0-1: Foul Ball, location: 2F
0-2: Ball
1-2: Strikes out swinging
Batting: LHB Andrew Benintendi 0-0: Bunt - Flyout to 23! F3
Batting: RHB Daniel Robertson 0-0: Swinging Strike
0-1: Foul Ball, location: 2F
0-2: Ball
1-2: Ball
2-2: Strikes out swinging
Top of the 3rd over - 0 runs, 0 hits, 0 errors, 0 left on base; Washington 1 - Miami 0
BOTTOM OF THE 3RD
Miami Marlins batting - Pitching for Washington Nationals : RHP Alex Reyes
Batting: LHB Sean Newcomb 0-0: Fly out, F8 (Line Drive, 8RD, EV 95.0 MPH)
Batting: LHB David Dahl 0-0: Ball
1-0: Ball
2-0: Called Strike
2-1: Foul Ball, location: 2F
2-2: Ball
3-2: SINGLE (Line Drive, 7S, EV 101.3 MPH)
Batting: LHB Max Kepler 0-0: Ball
1-0: Ball
2-0: Called Strike
2-1: Foul Ball, location: 2F
2-2: Ball
Wild Pitch!
David Dahl to second
3-2: Ground out U3 (Groundball, 3, EV 82.5 MPH)
David Dahl to third
Batting: SHB Francisco Lindor 0-0: Called Strike
0-1: Ball
1-1: Swinging Strike
1-2: Ball
Wild Pitch!
David Dahl scores
2-2: Foul Ball, location: 2F
2-2: Foul Ball, location: 2F
2-2: Foul Ball, location: 2F
2-2: Foul Ball, location: 2F
2-2: SINGLE (Flyball, 7LS, EV 88.1 MPH)
Batting: RHB Javier Baez 0-0: Ball
1-0: Called Strike
1-1: Foul Ball, location: 2F
1-2: Fly out, F9 (Flyball, 89D, EV 95.6 MPH)
Bottom of the 3rd over - 1 run, 2 hits, 0 errors, 1 left on base; Washington 1 - Miami 1
TOP OF THE 4TH
Washington Nationals batting - Pitching for Miami Marlins : LHP Sean Newcomb
Batting: SHB Aaron Hicks 0-0: Foul Ball, location: 2F
0-1: Fly out, F7 (Flyball, 7D, EV 104.4 MPH)
Batting: RHB Chris Taylor 0-0: Called Strike
0-1: Ball
1-1: Ball
2-1: Fly out, F7 (Line Drive, 7, EV 86.3 MPH)
Batting: RHB Yulieski Gurriel 0-0: SINGLE (Groundball, 56S, EV 61.3 MPH) (infield hit)
Batting: LHB Yonder Alonso 0-0: Ball
1-0: Called Strike
1-1: Foul Ball, location: 2F
1-2: Foul Ball, location: 2F
1-2: Foul Ball, location: 2F
1-2: Ball
2-2: Strikes out swinging
Top of the 4th over - 0 runs, 1 hit, 0 errors, 1 left on base; Washington 1 - Miami 1
BOTTOM OF THE 4TH
Miami Marlins batting - Pitching for Washington Nationals : RHP Alex Reyes
Batting: RHB Miguel Andujar 0-0: Ball
1-0: SOLO HOME RUN (Line Drive, 78XD, EV 100.0 MPH), Distance : 425 ft
Batting: RHB C.J. Cron 0-0: Foul Ball, location: 2F
0-1: Called Strike
0-2: Ball
1-2: SINGLE (Line Drive, 6MD, EV 101.3 MPH)
Batting: LHB Christin Stewart 0-0: Called Strike
0-1: Ball
1-1: Fly out, F8 (Line Drive, 8LD, EV 106.3 MPH)
Batting: LHB Chance Sisco 0-0: Called Strike
0-1: Ball
1-1: Ball
2-1: Foul Ball, location: 2F
2-2: Ball
3-2: Foul Ball, location: 2F
3-2: Strikes out looking
Batting: LHB Sean Newcomb 0-0: Ball
1-0: Ground out 4-3 (Groundball, 34D, EV 110.0 MPH)
Bottom of the 4th over - 1 run, 2 hits, 0 errors, 1 left on base; Washington 1 - Miami 2
TOP OF THE 5TH
Washington Nationals batting - Pitching for Miami Marlins : LHP Sean Newcomb
Batting: RHB Austin Barnes 0-0: Ball
1-0: Fly out, F3 (Popup, 3, EV 66.3 MPH)
Batting: RHB Jose Pirela 0-0: Ball
1-0: Foul Ball, location: 2F
1-1: Ball
2-1: Foul Ball, location: 2F
2-2: Foul Ball, location: 2F
2-2: Ball
3-2: Base on Balls
Batting: RHB Alex Reyes 0-0: Ball
1-0: Sac Bunt to 13S - play at first, batter OUT! 1-4
Jose Pirela to second
Batting: LHB Andrew Benintendi 0-0: Ball
1-0: Ball
2-0: Foul Ball, location: 2F
2-1: Ball
3-1: SINGLE (Line Drive, 9S, EV 91.3 MPH)
Jose Pirela to third
Batting: RHB Daniel Robertson 0-0: Called Strike
0-1: Fielders Choice at 2nd, 4-6 (Groundball, 4MD, EV 82.5 MPH)
Top of the 5th over - 0 runs, 1 hit, 0 errors, 2 left on base; Washington 1 - Miami 2
BOTTOM OF THE 5TH
Miami Marlins batting - Pitching for Washington Nationals : RHP Alex Reyes
Batting: LHB David Dahl 0-0: Ball
1-0: SINGLE (Groundball, 6MD, EV 106.9 MPH)
Batting: LHB Max Kepler 0-0: Ball
1-0: Sac Bunt to 13S - play at first, batter OUT! 1-4
David Dahl to second
Batting: SHB Francisco Lindor 0-0: Ball
1-0: Called Strike
1-1: Ball
2-1: Called Strike
2-2: Ground out 6-3 (Groundball, 6D, EV 85.0 MPH)
David Dahl to third
Batting: RHB Javier Baez 0-0: Swinging Strike
0-1: Foul Ball, location: 2F
0-2: Strikes out swinging
Bottom of the 5th over - 0 runs, 1 hit, 0 errors, 1 left on base; Washington 1 - Miami 2
TOP OF THE 6TH
Washington Nationals batting - Pitching for Miami Marlins : LHP Sean Newcomb
Batting: SHB Aaron Hicks 0-0: Ball
1-0: Called Strike
1-1: Foul Ball, location: 2F
1-2: Ball
2-2: Ball
3-2: Foul Ball, location: 2F
3-2: Base on Balls
Batting: RHB Chris Taylor 0-0: Ball
1-0: Called Strike
1-1: Foul Ball, location: 2F
1-2: Strikes out swinging
Batting: RHB Yulieski Gurriel 0-0: Called Strike
0-1: Swinging Strike
0-2: Strikes out looking
Pitching: RHP John Axford
Batting: LHB Yonder Alonso 0-0: Ball
1-0: Ball
2-0: Foul Ball, location: 2F
2-1: Ball
3-1: Base on Balls
Aaron Hicks to second
Batting: RHB Austin Barnes 0-0: Ball
1-0: Called Strike
1-1: Called Strike
1-2: Ball
2-2: Strikes out swinging
Top of the 6th over - 0 runs, 0 hits, 0 errors, 2 left on base; Washington 1 - Miami 2
BOTTOM OF THE 6TH
Miami Marlins batting - Pitching for Washington Nationals : RHP Alex Reyes
Pitching: RHP Bud Norris
Batting: RHB Miguel Andujar 0-0: Ball
1-0: Ground out 6-3 (Groundball, 6M, EV 80.0 MPH)
Batting: RHB C.J. Cron 0-0: Foul Ball, location: 2F
0-1: Ball
1-1: Foul Ball, location: 2F
1-2: Strikes out swinging
Batting: LHB Christin Stewart 0-0: Ball
1-0: Foul Ball, location: 2F
1-1: Called Strike
1-2: Ball
2-2: Strikes out looking
Bottom of the 6th over - 0 runs, 0 hits, 0 errors, 0 left on base; Washington 1 - Miami 2
TOP OF THE 7TH
Washington Nationals batting - Pitching for Miami Marlins : RHP John Axford
Batting: RHB Jose Pirela 0-0: Fly out, F8 (Flyball, 8RS, EV 88.1 MPH)
Pinch Hitting: LHB Joe Panik 0-0: Ball
1-0: Ball
2-0: Ball
3-0: Base on Balls
Batting: LHB Andrew Benintendi 0-0: Called Strike
0-1: Fly out, F3 (Line Drive, 3, EV 67.5 MPH)
Batting: RHB Daniel Robertson 0-0: Called Strike
0-1: Swinging Strike
0-2: Strikes out swinging
Top of the 7th over - 0 runs, 0 hits, 0 errors, 1 left on base; Washington 1 - Miami 2
BOTTOM OF THE 7TH
Miami Marlins batting - Pitching for Washington Nationals : RHP Bud Norris
Pitching: RHP Kyle Crick
Batting: LHB Chance Sisco 0-0: SOLO HOME RUN (Flyball, 9D, EV 111.3 MPH), Distance : 386 ft
Pinch Hitting: LHB Alex Gordon 0-0: Ball
1-0: Called Strike
1-1: Called Strike
1-2: Strikes out looking
Batting: LHB David Dahl 0-0: Ball
1-0: Ball
2-0: SINGLE (Groundball, 56D, EV 99.4 MPH)
Batting: LHB Max Kepler 0-0: Called Strike
0-1: Fielders Choice at 2nd, 2-4 (Groundball, 2L, EV 67.5 MPH)
Batting: SHB Francisco Lindor 0-0: Swinging Strike
0-1: Ball
1-1: Swinging Strike
1-2: Foul Ball, location: 2F
1-2: Foul Ball, location: 2F
1-2: Ball
2-2: SINGLE (Line Drive, 7LS, EV 94.4 MPH)
Max Kepler to second
Batting: RHB Javier Baez 0-0: Ball
1-0: Swinging Strike
1-1: Ball
2-1: Foul Ball, location: 2F
2-2: Strikes out swinging
Bottom of the 7th over - 1 run, 3 hits, 0 errors, 2 left on base; Washington 1 - Miami 3
TOP OF THE 8TH
Washington Nationals batting - Pitching for Miami Marlins : RHP John Axford
Pitching: RHP Dan Winkler
Batting: SHB Aaron Hicks 0-0: Ball
1-0: Ball
2-0: Fly out, F8 (Flyball, 8RD, EV 98.1 MPH)
Batting: RHB Chris Taylor 0-0: Ground out 4-3 (Groundball, 4M, EV 93.1 MPH)
Batting: RHB Yulieski Gurriel 0-0: Called Strike
0-1: SINGLE (Line Drive, 6M, EV 102.5 MPH)
Batting: LHB Yonder Alonso 0-0: Called Strike
0-1: Ball
1-1: Called Strike
1-2: Ball
2-2: Ball
3-2: Foul Ball, location: 2F
3-2: Base on Balls
Yulieski Gurriel to second
Batting: RHB Austin Barnes 0-0: Called Strike
0-1: Called Strike
0-2: Ball
1-2: Foul Ball, location: 2F
1-2: Foul Ball, location: 2F
1-2: Ball
2-2: Strikes out looking
Top of the 8th over - 0 runs, 1 hit, 0 errors, 2 left on base; Washington 1 - Miami 3
BOTTOM OF THE 8TH
Miami Marlins batting - Pitching for Washington Nationals : RHP Kyle Crick
Pitching: LHP Jake McGee
Batting: RHB Miguel Andujar 0-0: Ball
1-0: Foul Ball, location: 2F
1-1: Ball
2-1: Ball
3-1: Base on Balls
Batting: RHB C.J. Cron 0-0: Ball
1-0: SINGLE (Groundball, 56D, EV 101.3 MPH)
Miguel Andujar to second
Batting: LHB Christin Stewart 0-0: Fielders Choice at 2nd, 4-6 (Groundball, 34, EV 83.8 MPH)
Miguel Andujar to third
Batting: LHB Chance Sisco Pickoff Throw to First - Out! 1-3
0-0: 2-RUN HOME RUN (Flyball, 8LXD, EV 98.1 MPH), Distance : 436 ft
Pinch Hitting: LHB Kyle Tucker 0-0: Ball
1-0: Called Strike
1-1: Foul Ball, location: 2F
1-2: Ball
2-2: Ball
3-2: Fly out, F1 (Popup, P, EV 70.6 MPH)
Bottom of the 8th over - 2 runs, 2 hits, 0 errors, 0 left on base; Washington 1 - Miami 5
TOP OF THE 9TH
Washington Nationals batting - Pitching for Miami Marlins : RHP Dan Winkler
Pitching: RHP Kevin Ginkel
Batting: RHB Jose Pirela 0-0: Called Strike
0-1: Ball
1-1: Swinging Strike
1-2: Strikes out swinging
Pinch Hitting: SHB Alen Hanson 0-0: Swinging Strike
0-1: Foul Ball, location: 2F
0-2: Foul Ball, location: 2F
0-2: Foul Ball, location: 2F
0-2: Strikes out swinging
Batting: LHB Andrew Benintendi 0-0: Called Strike
0-1: Called Strike
0-2: SINGLE (Flyball, 9LS, EV 91.9 MPH)
Batting: RHB Daniel Robertson 0-0: Swinging Strike
0-1: Called Strike
0-2: Ball
1-2: Strikes out swinging
Top of the 9th over - 0 runs, 1 hit, 0 errors, 1 left on base; Washington 1 - Miami 5
Tuesday, July 23rd, 2019 - OOTP Baseball 20.5 Build 52